 Dungeon Crawl Stone Soup version 0.30.1-11-g7821555f0a (webtiles) character file.

Game seed: 10817617947744023069

39 monsoonserge the Conjurer (level 3, 0/21 HPs)
             Began as a Tengu Reaver on Jan 10, 2024.
             Slain by a gnoll
             ... wielding a +0 spear
              (7 damage)
             ... on level 3 of the Dungeon.
             The game lasted 00:04:43 (1077 turns).

monsoonserge the Conjurer (Tengu Reaver)            Turns: 1077, Time: 00:04:43

Health: 0/21       AC:  3    Str: 12    XL:     3   Next: 45%
Magic:  7/7        EV: 12    Int: 15    God:
Gold:   46         SH:  0    Dex: 18    Spells: 5/6 levels left

rFire   . . .        a - +0 mace
rCold   . . .        (no shield)
rNeg    . . .        b - +0 leather armour
rPois   .            (helmet restricted)
rElec   .            (no cloak)
rCorr   .            (no gloves)
SInv    .            (boots unavailable)
Will    .....        (no amulet)
Stlth   +            j - +6 ring of dexterity
HPRegen 0.23/turn    (no ring)
MPRegen 0.10/turn

%: no passive effects
@: no status effects
A: beak, talons 3
a: no special abilities


You were on level 3 of the Dungeon.
You visited 1 branch of the dungeon, and saw 3 of its levels.

You collected 46 gold pieces.

Inventory:

Hand Weapons
 a - a +0 mace (weapon)
 f - a +0 whip
Missiles
 i - 4 javelins (quivered)
Armour
 b - a +0 leather armour (worn)
Jewellery
 j - a +6 ring of dexterity (left hand)
Scrolls
 c - 2 scrolls of teleportation {unknown}
 d - a scroll of enchant weapon {unknown}
 e - 3 scrolls of identify {unknown}
 g - a scroll of magic mapping {unknown}
 h - a scroll of vulnerability {unknown}


   Skills:
 + Level 2.1 Fighting
 + Level 3.7 Maces & Flails
 + Level 0.8 Armour
 + Level 2.3 Dodging
 + Level 2.2 Spellcasting
 + Level 4.4 Conjurations
 - Level 1.0 Necromancy


You had 5 spell levels left.
You knew the following spells:

 Your Spells              Type           Power      Damage    Failure   Level
a - Kiss of Death         Conj/Necr      36%        2d8       9%          1

Your spell library contained the following spells:

 Spells                   Type           Power      Damage    Failure   Level
 Momentum Strike          Conj/Tloc      16%        3d8       17%         2
 Hailstorm                Conj/Ice       8%         3d4       32%         3


Dungeon Overview and Level Annotations

Branches:
Dungeon (3/15)

Altars:


Innate Abilities, Weirdness & Mutations

You have a beak for a mouth.
You have claws for feet.


Message History

You claw the hobgoblin, but do no damage.
The hobgoblin is almost dead.
The hobgoblin hits you.
You hit the hobgoblin.
You kill the hobgoblin!
You see here a hobgoblin corpse.
You now have 46 gold pieces (gained 7).
HP restored.
Found a stone staircase leading down.
The endoplasm quivers.
You hit the endoplasm but do no damage. You peck the endoplasm.
The endoplasm is lightly wounded.
The endoplasm closely misses you.
You hit the endoplasm.
You kill the endoplasm! 3 gnolls come into view.
The gnoll shouts! x3
You hit the gnoll. Your kick misses the gnoll. Your peck misses the gnoll.
The gnoll is moderately wounded.
The gnoll hits you with a +0 flail!
You hit the gnoll. You claw the gnoll.
You kill the gnoll!
The gnoll hits you from afar with a +0 spear. x2
* * * LOW HITPOINT WARNING * * *
There is a stone staircase leading down here.
You climb downwards.
The gnoll shouts!
The endoplasm quivers.
There is a stone staircase leading up here.
A gnoll comes into view. It is wielding a +0 spear.
The gnoll shouts! x2
You hit the endoplasm. You claw the endoplasm. You peck the endoplasm.
The endoplasm is severely wounded.
The endoplasm freezes you.
You are frozen.
* * * LOW HITPOINT WARNING * * *
You hit the endoplasm.
You kill the endoplasm!
The gnoll hits you from afar with a +0 spear!
You die...

......#
......
#.gg.##
#.....
#....#
#.g..#
#....#
#.@..#
######


You could see 3 gnolls.

Vanquished Creatures
  A gnoll (D:2)
  A worm (D:2)
  4 bats (D:1)
  2 endoplasms
  7 goblins
  A hobgoblin (D:2)
  3 jackals (D:1)
  2 kobolds (D:1)
  A quokka (D:2)
  A rat (D:1)
23 creatures vanquished.

Notes
Turn   | Place    | Note
-------+----------+-------------------------------------------
     0 | D:1      | monsoonserge the Tengu Reaver began the quest for the Orb.
     0 | D:1      | Reached XP level 1. HP: 12/12 MP: 4/4
    80 | D:1      | Reached XP level 2. HP: 17/17 MP: 6/6
   181 | D:1      | Reached skill level 1 in Necromancy
   993 | D:2      | Reached XP level 3. HP: 21/21 MP: 7/7
  1077 | D:3      | Slain by a gnoll

Illustrated notes

Levels and vault maps discovered:
D:1:      shiori_arrival_oz, layout_loops_cross, serial_forest,
          infiniplex_forest_lined_room_2, infiniplex_forest_clump_medium,
          infiniplex_forest_clump_medium, infiniplex_forest_lined_3,
          infiniplex_forest_lined_3_way, infiniplex_forest_clump_cross,
          infiniplex_forest_clump_curved, infiniplex_forest_end_double
D:2:      layout_basic
D:3:      layout_basic, gammafunk_ghost_grave, serial_shops,
          nicolae_shop_waterfront, uniq_natasha

Skill      XL: |  1  2 |
---------------+-------+-----
Necromancy     | 1 |  1.0
Fighting       | |  2.1
Maces & Flails | |  3.7
Armour         | |  0.8
Dodging        | |  2.3
Spellcasting   | |  2.2
Conjurations   | |  4.4

Action                     || total
---------------------------++-------
  Melee: Mace              ||    65
         Peck              ||    12
         Kick              ||    11
         Punch             ||     1
 Armour: Leather armour    ||    15
  Dodge: Dodged            ||    37
